 Dungeon Crawl Stone Soup version 0.27-a0-1278-g6cbc8dfb29 (webtiles) character file.

Game seed: 7294118115448343487

758 wakim the Cudgeller (level 7, -1/52 (62) HPs)
             Began as a Minotaur Fighter on June 12, 2021.
             Slain by a wight (9 damage)
             ... on level 4 of the Dungeon.
             The game lasted 00:08:37 (5233 turns).

wakim the Cudgeller (Minotaur Fighter)              Turns: 5233, Time: 00:08:38

HP:   -1/52 (62)    AC: 10    Str: 22    XL:     7   Next: 50%
MP:   6/6           EV:  6    Int:  5    God:
Gold: 191           SH: 10    Dex: 10    Spells: 6/6 levels left

rFire    . . .     SeeInvis .   a - +0 flail
rCold    + . .     Faith    +   c - +0 kite shield
rNeg     . . .     Spirit   .   j - +0 chain mail
rPois    .         Reflect  .   (helmet restricted)
rElec    .         Harm     .   (no cloak)
rCorr    .         Rampage  .   (no gloves)
Will     .....                  (no boots)
Stlth    ..........             o - amulet of faith
HPRegen  0.17/turn              h - ring of protection from cold
MPRegen  0.10/turn              (no ring)

@: heavily drained
A: horns 2, retaliatory headbutt
a: no special abilities


You were on level 4 of the Dungeon.
You visited 1 branch of the dungeon, and saw 5 of its levels.

You collected 191 gold pieces.

Inventory:

Hand Weapons
 a - a +0 flail (weapon)
Missiles
 l - 11 poisoned darts (quivered)
Armour
 c - a +0 kite shield (worn)
 j - a +0 chain mail (worn)
Jewellery
 h - a ring of protection from cold (left hand)
 o - an amulet of faith (around neck)
Scrolls
 r - 2 scrolls of identify
 T - 2 scrolls of teleportation
 X - a scroll of fog
Potions
 b - a potion of cancellation {unknown}
 d - a potion of resistance {unknown}
 e - 2 potions of curing {unknown}
 f - a potion of haste {unknown}
 g - 2 potions of ambrosia {unknown}
 i - a potion of brilliance {unknown}
 k - a potion of mutation {unknown}
 G - 4 potions of flight
 L - 2 potions of lignification {!q}
 N - a potion of might


   Skills:
 + Level 5.9 Fighting
 * Level 7.1 Maces & Flails
 + Level 5.8 Armour
 - Level 5.0 Shields


You had 6 spell levels left.
You didn't know any spells.
Your spell library contained the following spells:

 Spells                   Type           Power      Damage    Failure   Level
 Animate Skeleton         Necr           0%         N/A       100%        1
 Pain                     Necr           0%         1d4       100%        1
 Vampiric Draining        Necr           0%         2d6       100%        3
 Animate Dead             Necr           0%         N/A       100%        4
 Agony                    Necr           0%         N/A       100%        5


Dungeon Overview and Level Annotations

Branches:
Dungeon (5/15)
 Temple: D:4-7

Altars:
Uskayaw
Beogh

Shops:
D:2 :   D:4 *


Innate Abilities, Weirdness & Mutations

You have a pair of horns on your head.
You reflexively headbutt those who attack you in melee.


Message History

You hit the wight but do no damage. The wight hits you with a +3 falchion.
You hit the wight.
The wight is lightly damaged.
The wight hits you with a +3 falchion.
You feel drained.
You completely miss the wight.
The wight is lightly damaged.
The wight barely misses you.
You barely miss the wight. Your headbutt misses the wight.
The wight is lightly damaged.
The wight hits you with a +3 falchion.
You feel drained. You block the wight's attack.
You hit the wight but do no damage.
The wight is lightly damaged.
The wight hits you with a +3 falchion.
You feel drained.
You closely miss the wight. Your headbutt misses the wight.
The wight is lightly damaged.
You block the wight's attack.
You hit the wight. Your headbutt misses the wight.
The wight is lightly damaged.
The wight hits you with a +3 falchion.
You feel drained. You block the wight's attack.
You sock the wight!
The wight is severely damaged.
The wight hits you with a +3 falchion.
* * * LOW HITPOINT WARNING * * *
You hit the wight. You headbutt the wight.
The wight is almost destroyed.
The wight hits you with a +3 falchion.
* * * LOW HITPOINT WARNING * * *
You hit the wight.
You destroy the wight!
You hit the wight but do no damage. You block the wight's attack.
You hit the wight but do no damage. The wight barely misses you.
You closely miss the wight. Your headbutt misses the wight.
The wight hits you with a +0 flail!
* * * LOW HITPOINT WARNING * * *
You feel drained.
* * * LOW HITPOINT WARNING * * *
The wight hits you with a +0 flail!
You die...

#.....)).........#
###.#######.######.#
#............# #.#
#.##.####..).## #.#
#.##.# #..#..#
#.######### #.##.#
#.....# #.........#
#.##.# ##.#..#
#########.# #.##.#
#.#[.###### #.# ..##.#
#.#.>.z@..# ###.#####
#....#
#(#######.#####...#...#
..#### #..)..#
#....##.###..## #...#
####.## ####.##.# #..#
..#.# #.# #.##.# #..#
#.#.# #.# #.##.# #..#
..#.#########.#
#.##.###..#
###...........##
#.##.[....#
...........)...#
#.##.##...#


You could see a wight.

Vanquished Creatures
  A sky beast (D:3)
  A black bear (D:4)
  A necrophage (D:5)
  A scorpion (D:4)
  2 wights (D:4)
  2 hounds
  A centaur skeleton (D:5)
  2 iguanas
  An orc wizard (D:4)
  8 adders
  An ufetubus (D:4)
  An adder skeleton (D:3)
  A worm (D:3)
  4 dart slugs
  8 orcs
  4 ball pythons
  4 bats
  6 endoplasms
  6 giant cockroaches
  4 goblins
  5 hobgoblins
  12 jackals
  2 quokkas
  2 frilled lizards (D:1)
  6 kobolds
  5 rats
91 creatures vanquished.

Notes
Turn   | Place    | Note
-------+----------+-------------------------------------------
     0 | D:1      | wakim the Minotaur Fighter began the quest for the Orb.
     0 | D:1      | Reached XP level 1. HP: 19/19 MP: 0/0
   361 | D:1      | Reached XP level 2. HP: 27/27 MP: 1/1
   430 | D:1      | Reached skill level 3 in Maces & Flails
  1412 | D:2      | Reached XP level 3. HP: 28/33 MP: 2/2
  1643 | D:2      | Found a hide-covered altar of Uskayaw.
  1968 | D:2      | Reached skill level 4 in Maces & Flails
  1996 | D:2      | Found Pahopic's Book Shoppe.
  2000 | D:2      | Reached XP level 4. HP: 41/41 MP: 3/3
  2163 | D:2      | Found a faded altar of an unknown god.
  2656 | D:3      | Reached XP level 5. HP: 46/47 MP: 4/4
  2792 | D:3      | Noticed a sky beast
  2814 | D:3      | Killed a sky beast
  2815 | D:3      | Reached skill level 5 in Fighting
  2815 | D:3      | Reached skill level 5 in Maces & Flails
  2815 | D:3      | Reached skill level 5 in Armour
  3329 | D:4      | Reached XP level 6. HP: 34/56 MP: 5/5
  3577 | D:4      | Found Muasivyo's Elemental Accessories.
  3643 | D:4      | Reached skill level 6 in Maces & Flails
  4589 | D:5      | Entered Level 5 of the Dungeon
  4601 | D:5      | Reached XP level 7. HP: 61/61 MP: 6/6
  4902 | D:5      | Reached skill level 5 in Shields
  5131 | D:4      | Reached skill level 7 in Maces & Flails
  5233 | D:4      | Slain by a wight

Illustrated notes

Levels and vault maps discovered:
D:1:      dpeg_arrival_rhombus, layout_loops_corners, minmay_misc_feat_five,
          minmay_hedge_maze, kennysheep_flooded_box, minivault_19
D:2:      layout_loops_ring, basic_altar,
          hellmonk_ecumenical_altar_defaced_shrine, serial_shops,
          nicolae_shop_waterfront
D:3:      layout_loops_ring
D:4:      layout_basic, minivault_23, nicolae_elemental_shop
D:5:      layout_gridville

Skill      XL: |  1  2  3  4  5  6  7 |
---------------+----------------------+-----
Maces & Flails | 3 4 5 6 7 |  7.1
Armour         | 4 5 |  5.8
Fighting       | 4 5 |  5.9
Shields        | 4 5 |  5.0

Action                   |  1- 3 |  4- 6 |  7- 9 || total
-------------------------+-------+-------+-------++-------
Melee: Flail             |   101 |   144 |    46 ||   291
       Headbutt          |    14 |    24 |     4 ||    42
  Use: Scroll            |     1 |     4 |     2 ||     7
Armor: Scale mail        |    59 |    39 |       ||    98
       Chain mail        |       |    23 |    12 ||    35
Dodge: Dodged            |    24 |    28 |    15 ||    67
Block: Kite shield       |    49 |    79 |    25 ||   153

Table legend: (Time is in decaauts)
 A = Elapsed time spent in this place.
 B = Non-inter-level travel time spent in this place.
 C = Inter-level travel time spent in this place.
 D = Time resting spent in this place.
 E = Time spent auto-exploring this place.
 F = Levels seen in this place.
 G = Mean time per level.
                   A        B        C        D        E       F      G
               +--------+--------+--------+--------+--------+-----+--------+
         Total |   5345 |   5184 |    161 |    106 |   4255 |   5 | 1069.0 |
       Dungeon |   5345 |   5184 |    161 |    106 |   4255 |   5 | 1069.0 |
               +--------+--------+--------+--------+--------+-----+--------+

Top non-repeatable levels by time:
     D:4: 1567 daAuts
     D:1: 1282 daAuts
     D:2: 985 daAuts
     D:3: 962 daAuts
     D:5: 547 daAuts
